 Dungeon Crawl Stone Soup version 0.31-a0-177-g4aa6249778 (webtiles) character file.

Game seed: 3190930302571125798

34837 qw the Cleaver (level 13, -9/84 HPs)
             Began as a Gargoyle Fighter on June 18, 2023.
             Was an Elder of Okawaru.
             Mangled by a manticore (14 damage)
             ... summoned by Kirke
             ... on level 3 of the Lair of Beasts.
             The game lasted 00:09:09 (14762 turns).

qw the Cleaver (Gargoyle Fighter)                  Turns: 14762, Time: 00:09:10

Health: -9/84      AC:  0    Str: 25    XL:     13   Next: 80%
Magic:  20/20      EV: 16    Int:  9    God:    Okawaru [****..]
Gold:   857        SH:  0    Dex:  9    Spells: 12/12 levels left

rFire   . . .        e - melded +3 war axe
rCold   . . .        q - melded +3 buckler of Xutauvukky {rC+}
rNeg    + . .        g - melded +0 plate armour
rPois   inf          f - melded +1 helmet
rElec   .            (cloak currently unavailable)
rCorr   .            v - melded +0 pair of gloves "Wiytemn" {Int+5}
SInv    .            (boots currently unavailable)
Will    .....        (no amulet)
Stlth   +++          t - melded +5 ring of evasion
HPRegen 0.34/turn    k - melded +4 ring of protection
MPRegen 0.17/turn

%: no passive effects
@: about to teleport, pig-form, heroic, very quick
A: fast, no casting, sickness immunity, AC +9, small, negative energy resistance
1, (electricity resistance), torment resistance 1, petrification resistance
a: Renounce Religion, Heroism, Finesse


You were on level 3 of the Lair of Beasts.
You worshipped Okawaru.
Okawaru was greatly pleased with you.
You were a filthy swine.
You visited 2 branches of the dungeon, and saw 12 of its levels.
You also visited: Sewer.

You collected 857 gold pieces.


Innate Abilities, Weirdness & Mutations

You are a filthy swine.
You move quickly.
Your equipment is almost entirely melded.
You are incapable of wielding weapons or throwing items.
You cannot cast spells.
You are immune to sickness and miasma.
((Your stone body is resilient. (AC +9)))
You are immune to poison.
You resist negative energy. (rN+)
((You are resistant to electric shocks. (rElec)))
You are resistant to unholy torment.
You are immune to petrification.


   Skills:
 - Level 11.0(16.0) Fighting
 - Level 14.0(19.0) Axes
 + Level 5.3(10.3) Throwing
 - Level 10.0(15.0) Armour
 - Level 2.0(7.0) Dodging
 - Level 7.0(12.0) Shields
 - Level 10.0 Invocations


You had 12 spell levels left.
You didn't know any spells.
Your spell library was empty.

Inventory:

Hand Weapons
 b - a +0 war axe of flaming
 e - a +3 war axe (melded)
Missiles
 c - 5 boomerangs
 s - 8 javelins
 w - 2 silver javelins
Armour
 f - a +1 helmet (melded)
 g - a +0 plate armour (melded)
 q - the +3 buckler of Xutauvukky (melded) {rC+}
   (You acquired it on level 8 of the Dungeon)

   rC:        It protects you from cold.
 u - a +2 scale mail of cold resistance
 v - the +0 pair of gloves "Wiytemn" (melded) {Int+5}
   (You found it on level 2 of the Lair of Beasts)

   Int:       It affects your intelligence (+5).
 x - a +0 cloak
Jewellery
 k - a +4 ring of protection (melded)
 l - an amulet of guardian spirit
 o - a ring of ice
 t - a +5 ring of evasion (melded)
 Y - a ring of protection from fire
Wands
 h - a wand of digging (29)
Scrolls
 a - 2 scrolls of identify
 r - 4 scrolls of teleportation
Potions
 d - a potion of might
 i - a potion of enlightenment
 j - a potion of magic
 p - 3 potions of curing

Dungeon Overview and Level Annotations

Branches:
Dungeon (9/15)             Temple (0/1) D:7            Lair (3/5) D:9
 Shoals (0/4) Lair:3        Sewer (visited)
  Snake: Lair:2-3    Spider: Lair:2-3       Orc: D:9-12

Altars:
Ashenzari
Elyvilon
Fedhas
Gozag
Hepliaklqana
Kikubaaqudgha
Makhleb
Nemelex Xobeh
Okawaru
Trog
Uskayaw
Wu Jian
Yredelemnul
Zin
The Shining One

Shops:
D:5 :

Annotations:
Lair:3 Kirke


Message History

Okawaru accepts your kill. Something hits you! The hog bites you!
You hit the hog.
The hog is lightly wounded.
The hog bites you! Something hits you.
You barely miss the hog.
The hog is lightly wounded.
The hog misses you.
You hit the hog.
The hog is moderately wounded.
Something barely misses you.
You bite the hog!
The hog is heavily wounded.
The hog closely misses you. Something hits you!
14758 ||| READING 5 scrolls of teleportation.
As you read the scroll of teleportation, it crumbles to dust.
You feel strangely unstable. The hog closely misses you. The hog bites you.
You hear some strange, mumbled words.
Something summons a manticore!
14759 ||| DRINKING potion of heal wounds.
You feel much better. The hog barely misses you.
You hear some strange, mumbled words.
Something summons a lindwurm!
The manticore flicks its tail.
The volley of spikes misses you.
The volley of spikes hits the hog!!
You hit the hog.
You kill the hog!
Okawaru accepts your kill.
You hit the lindwurm.
The lindwurm is lightly wounded.
You hear some strange, mumbled words.
Something tries to affect you, but you resist.
The lindwurm bites you. The lindwurm claws you. x2
You hit the lindwurm but do no damage.
The lindwurm is lightly wounded.
Something hits you. The manticore bites you! The manticore claws you.
The manticore claws you!
You die...

.......#...#........#
....#......P...#....#
#.....#.......###.#.#
#....###.##....# ####
#P#..# #..P....##
#........##
#.....##..### h
########........HkP# ..@
#.....#.......##h%(#..#
............#....%....#
............##..#.#(#..#
.........##....P.## ....
..[..#....#....P... ...
#................... ...
..#.#.......#P#..... ..
..#####...#####....P ^
###...###.# #...#


You could see a manticore (summoned) and a lindwurm (summoned).

Vanquished Creatures
  2 hydras (Lair:2)
  4 catoblepae (Lair:2)
  A boulder beetle (Lair:2)
  A two-headed ogre (D:9)
  3 death yaks (Lair:3)
  A skyshark (Lair:2)
  8 elephants
  3 merfolk sirens (Lair:3)
  4 black mambas (Lair:2)
  11 cane toads
  Maggie (D:7)
  11 komodo dragons
  3 rime drakes (Lair:2)
  A polar bear (Lair:2)
  2 trolls (D:9)
  A merfolk (Lair:3)
  Grinder (D:3)
  Prince Ribbit (D:7)
  8 blink frogs
  A shadow (D:9)
  Sigmund (D:2)
  A wraith (D:8)
  23 yaks
  2 basilisks (Lair:2)
  7 hogs (Lair:3)
  A steam dragon (D:9)
  An acid dragon (D:9)
  Pargi (Sewer)
  Duvessa (D:4)
  18 water moccasins
  3 black bears
  2 orc warriors
  A sky beast (D:4)
  An ice beast (D:7)
  19 wolves
  4 ogres
  A phantom (D:6)
  3 centaurs
  2 kobold brigands
  17 bullfrogs
  5 scorpions
  4 wights (D:7)
  Dowan (D:4)
  4 killer bees (D:9)
  2 electric eels
  A howler monkey (D:4)
  8 hounds
  5 jellies
  3 orc priests
  2 gnoll boudas
  Jessica (D:3)
  5 iguanas
  Natasha (twice) (D:2)
  10 orc wizards
  Robin (D:3)
  6 gnolls (D:5)
  14 adders
  A shadow imp (D:4)
  3 white imps
  4 worms
  4 dart slugs
  30 orcs
  11 ball pythons
  11 bats
  11 endoplasms
  5 giant cockroaches
  10 hobgoblins
  2 jackals (D:4)
  4 quokkas
  6 frilled lizards
  15 goblins
  22 kobolds
  5 rats
  A butterfly (D:6)
396 creatures vanquished.

Vanquished Creatures (others)
  2 orc wizards
  An orc (D:9)
3 creatures vanquished.

Grand Total: 399 creatures vanquished

Notes
Turn   | Place    | Note
-------+----------+-------------------------------------------
     0 | D:1      | qw the Gargoyle Fighter began the quest for the Orb.
     0 | D:1      | Reached XP level 1. HP: 14/14 MP: 1/1
     0 | D:1      | 0 ||| qw: Version: 0.3-a-5-g6f28e65
     0 | D:1      | 0 ||| qw: Game counter: 555
     0 | D:1      | 0 ||| qw: Always use a shield: true
     0 | D:1      | 0 ||| qw: God list: Okawaru
     0 | D:1      | 0 ||| qw: Allow faded altars: false
     0 | D:1      | 0 ||| qw: Do Orc after D:15 true
     0 | D:1      | 0 ||| qw: Do second Lair branch before Depths: true
     0 | D:1      | 0 ||| qw: Lair rune preference: random
     0 | D:1      | 0 ||| qw: Plans: Normal, Zot:1-4, Slime:5, God:TSO, Crypt,
                  | Tomb, Abyss, Pan, Hells, Win
     0 | D:1      | 0 ||| PLANNING D:1-11
   105 | D:1      | Reached skill level 2 in Axes
   135 | D:1      | Reached XP level 2. HP: 16/19 MP: 2/2
   514 | D:1      | Reached skill level 3 in Axes
   514 | D:1      | 514 ||| FLEEEEING.
   515 | D:1      | 515 ||| FLEEEEING.
   518 | D:1      | 518 ||| FLEEEEING.
   519 | D:1      | 519 ||| FLEEEEING.
   520 | D:1      | 520 ||| FLEEEEING.
   521 | D:1      | 521 ||| FLEEEEING.
   522 | D:1      | 522 ||| FLEEEEING.
   523 | D:1      | 523 ||| FLEEEEING.
   524 | D:1      | 524 ||| FLEEEEING.
   536 | D:1      | Found a faded altar of an unknown god.
   659 | D:1      | Reached XP level 3. HP: 23/23 MP: 3/3
   749 | D:1      | 749 ||| DROPPING +0 club.
  1035 | D:1      | 1035 ||| READING scroll labelled ISEGODEKLAPS.
  1036 | D:1      | 1036 ||| READING scroll labelled APURHI HEIQYPH.
  1037 | D:1      | 1037 ||| READING scroll labelled SET GUENKOEMN.
  1038 | D:1      | 1038 ||| READING scroll labelled IKHLEIK MIRED.
  1039 | D:1      | 1039 ||| READING scroll labelled UNINUI AFOR.
  1040 | D:1      | 1040 ||| READING scroll labelled BIWOGE RUZUFE.
  1067 | D:2      | Identified the +5 hand axe "Secret Weapon" {antimagic,
                  | Will+}
  1128 | D:2      | 1128 ||| READING scroll of enchant weapon.
  1128 | D:2      | 1128 ||| ENCHANTING +1 war axe.
  1195 | D:2      | Noticed Sigmund
  1204 | D:2      | Killed Sigmund
  1205 | D:2      | Reached skill level 5 in Axes
  1205 | D:2      | Reached XP level 4. HP: 15/28 MP: 4/4
  1205 | D:2      | Reached XP level 5. HP: 18/32 MP: 5/5
  1272 | D:2      | 1272 ||| Stepping ~*~*~tactically~*~*~ (stealth).
  1373 | D:2      | 1373 ||| DROPPING +0 whip.
  1490 | D:2      | 1490 ||| Stepping ~*~*~tactically~*~*~ (stealth).
  1661 | D:2      | Noticed Natasha
  1662 | D:2      | 1662 ||| Stepping ~*~*~tactically~*~*~ (hiding).
  1669 | D:2      | Killed Natasha
  1670 | D:2      | Reached XP level 6. HP: 22/38 MP: 6/6
  1770 | D:2      | Noticed Natasha
  1771 | D:2      | 1771 ||| Stepping ~*~*~tactically~*~*~ (stealth).
  1773 | D:2      | 1773 ||| Stepping ~*~*~tactically~*~*~ (stealth).
  1774 | D:2      | 1774 ||| Stepping ~*~*~tactically~*~*~ (stealth).
  1785 | D:2      | Killed Natasha
  1969 | D:2      | 1969 ||| UPGRADING to amulet of guardian spirit.
  1974 | D:2      | 1974 ||| DROPPING +6 ring of intelligence.
  1975 | D:2      | 1975 ||| READING 2 scrolls labelled TIOTTOUWOSM.
  1976 | D:2      | 1976 ||| READING scroll labelled KIPNUF NAFRYSS.
  1977 | D:2      | 1977 ||| READING 2 scrolls of identify.
  1977 | D:2      | 1977 ||| IDENTIFYING glowing blue potion
  1978 | D:2      | 1978 ||| DROPPING scroll of amnesia.
  2010 | D:3      | 2010 ||| PLANNING SEWER
  2018 | D:3      | Noticed Robin
  2028 | D:3      | Killed Robin
  2073 | D:3      | 2073 ||| Stepping ~*~*~tactically~*~*~ (stealth).
  2081 | D:3      | 2081 ||| Stepping ~*~*~tactically~*~*~ (stealth).
  2083 | D:3      | 2083 ||| Stepping ~*~*~tactically~*~*~ (stealth).
  2103 | D:3      | HP: 9/38 [orc priest/divine providence (12)]
  2108 | D:3      | Reached skill level 1 in Dodging
  2220 | D:3      | 2220 ||| DROPPING +2 whip of freezing.
  2270 | D:3      | Noticed a black bear
  2279 | D:3      | Killed a black bear
  2281 | D:3      | Reached XP level 7. HP: 16/43 MP: 0/7
  2504 | D:3      | 2504 ||| Stepping ~*~*~tactically~*~*~ (stealth).
  2525 | D:3      | Reached skill level 6 in Axes
  2538 | D:3      | 2538 ||| DROPPING +0 mace.
  2574 | D:3      | Noticed Jessica
  2576 | D:3      | Killed Jessica
  2590 | D:3      | Found a glowing drain.
  2591 | D:3      | 2591 ||| UPGRADING to +0 helmet.
  2596 | D:3      | 2596 ||| UPGRADING to +4 ring of protection.
  2597 | D:3      | 2597 ||| READING scroll labelled ONWEOLANOUT.
  2613 | Sewer    | Entered a sewer
  2670 | Sewer    | Noticed Pargi
  2711 | Sewer    | HP: 10/43 [Pargi (2)]
  2712 | Sewer    | 2712 ||| READING scroll of teleportation.
  2855 | Sewer    | Killed Pargi
  2866 | Sewer    | 2866 ||| READING scroll of enchant armour.
  2866 | Sewer    | 2866 ||| ENCHANTING +0 helmet.
  2916 | Sewer    | 2916 ||| READING scroll labelled YNKIBBO BARIUMM.
  2917 | Sewer    | 2917 ||| READING scroll labelled ATUINW XECYSS.
  2961 | D:3      | 2961 ||| PLANNING D:1-11
  3068 | D:3      | Reached skill level 7 in Axes
  3098 | D:3      | Noticed Grinder
  3099 | D:3      | 3099 ||| Stepping ~*~*~tactically~*~*~ (hiding).
  3114 | D:3      | Killed Grinder
  3115 | D:3      | Reached XP level 8. HP: 51/51 MP: 6/8
  3204 | D:3      | 3204 ||| DRINKING 2 smoky blue potions.
  3309 | D:3      | 3309 ||| DROPPING potion of berserk rage.
  3401 | D:4      | Noticed Duvessa
  3406 | D:4      | Noticed Dowan
  3417 | D:4      | Killed Duvessa
  3429 | D:4      | Killed Dowan
  3539 | D:4      | 3539 ||| Stepping ~*~*~tactically~*~*~ (hiding).
  3645 | D:4      | 3645 ||| Stepping ~*~*~tactically~*~*~ (stealth).
  3742 | D:4      | 3742 ||| Stepping ~*~*~tactically~*~*~ (hiding).
  3751 | D:4      | Reached skill level 8 in Axes
  3751 | D:4      | 3751 ||| Stepping ~*~*~tactically~*~*~ (hiding).
  3765 | D:4      | Reached skill level 6 in Fighting
  3774 | D:4      | 3774 ||| Stepping ~*~*~tactically~*~*~ (stealth).
  3790 | D:4      | 3790 ||| Stepping ~*~*~tactically~*~*~ (stealth).
  3877 | D:4      | 3877 ||| Stepping ~*~*~tactically~*~*~ (stealth).
  3879 | D:4      | 3879 ||| Stepping ~*~*~tactically~*~*~ (stealth).
  3881 | D:4      | 3881 ||| Stepping ~*~*~tactically~*~*~ (stealth).
  3883 | D:4      | 3883 ||| Stepping ~*~*~tactically~*~*~ (stealth).
  3885 | D:4      | 3885 ||| Stepping ~*~*~tactically~*~*~ (stealth).
  3887 | D:4      | 3887 ||| Stepping ~*~*~tactically~*~*~ (stealth).
  3889 | D:4      | 3889 ||| Stepping ~*~*~tactically~*~*~ (stealth).
  3891 | D:4      | 3891 ||| Stepping ~*~*~tactically~*~*~ (stealth).
  3893 | D:4      | 3893 ||| Stepping ~*~*~tactically~*~*~ (stealth).
  3895 | D:4      | 3895 ||| Stepping ~*~*~tactically~*~*~ (stealth).
  3897 | D:4      | 3897 ||| Stepping ~*~*~tactically~*~*~ (stealth).
  3899 | D:4      | 3899 ||| Stepping ~*~*~tactically~*~*~ (stealth).
  3901 | D:4      | 3901 ||| Stepping ~*~*~tactically~*~*~ (stealth).
  3903 | D:4      | 3903 ||| Stepping ~*~*~tactically~*~*~ (stealth).
  3905 | D:4      | 3905 ||| Stepping ~*~*~tactically~*~*~ (stealth).
  3907 | D:4      | 3907 ||| Stepping ~*~*~tactically~*~*~ (stealth).
  3909 | D:4      | 3909 ||| Stepping ~*~*~tactically~*~*~ (stealth).
  3911 | D:4      | 3911 ||| Stepping ~*~*~tactically~*~*~ (stealth).
  3913 | D:4      | 3913 ||| Stepping ~*~*~tactically~*~*~ (stealth).
  3915 | D:4      | 3915 ||| Stepping ~*~*~tactically~*~*~ (stealth).
  3917 | D:4      | 3917 ||| Stepping ~*~*~tactically~*~*~ (stealth).
  3919 | D:4      | 3919 ||| Stepping ~*~*~tactically~*~*~ (stealth).
  3921 | D:4      | 3921 ||| Stepping ~*~*~tactically~*~*~ (stealth).
  3923 | D:4      | 3923 ||| Stepping ~*~*~tactically~*~*~ (stealth).
  3925 | D:4      | 3925 ||| Stepping ~*~*~tactically~*~*~ (stealth).
  3927 | D:4      | 3927 ||| Stepping ~*~*~tactically~*~*~ (stealth).
  3929 | D:4      | 3929 ||| Stepping ~*~*~tactically~*~*~ (stealth).
  3931 | D:4      | 3931 ||| Stepping ~*~*~tactically~*~*~ (stealth).
  3933 | D:4      | 3933 ||| Stepping ~*~*~tactically~*~*~ (stealth).
  4184 | D:4      | Found a glowing silver altar of Zin.
  4288 | D:4      | 4288 ||| Stepping ~*~*~tactically~*~*~ (stealth).
  4308 | D:4      | 4308 ||| Stepping ~*~*~tactically~*~*~ (hiding).
  4310 | D:4      | 4310 ||| Stepping ~*~*~tactically~*~*~ (hiding).
  4547 | D:4      | Found an iron altar of Okawaru.
  4548 | D:4      | 4548 ||| PLANNING OKAWARU WORSHIP
  4548 | D:4      | 4548 ||| READING scroll labelled KUAHIY QAJOU.
  4579 | D:4      | 4579 ||| READING 2 scrolls of identify.
  4579 | D:4      | 4579 ||| IDENTIFYING red potion
  4580 | D:4      | 4580 ||| DROPPING potion of ambrosia.
  4587 | D:4      | Became a worshipper of Warmaster Okawaru
  4588 | D:4      | 4588 ||| PLANNING D:1-11
  4588 | D:4      | 4588 ||| REMOVING amulet of guardian spirit.
  4799 | D:5      | Entered Level 5 of the Dungeon
  4869 | D:5      | 4869 ||| Stepping ~*~*~tactically~*~*~ (stealth).
  4879 | D:5      | Reached skill level 9 in Axes
  4880 | D:5      | Reached XP level 9. HP: 53/55 MP: 9/9
  4904 | D:5      | Found Ugeif's Book Emporium.
  5024 | D:5      | Found a basalt altar of Yredelemnul.
  5025 | D:5      | Found a blossoming altar of Fedhas.
  5267 | D:5      | 5267 ||| Stepping ~*~*~tactically~*~*~ (hiding).
  5285 | D:5      | 5285 ||| DROPPING +0 flail.
  5327 | D:5      | 5327 ||| Stepping ~*~*~tactically~*~*~ (hiding).
  5388 | D:5      | Found a hazy altar of Hepliaklqana.
  5647 | D:5      | 5647 ||| DRINKING 2 fuming silvery potions.
  5648 | D:5      | 5648 ||| READING 2 scrolls of identify.
  5648 | D:5      | 5648 ||| IDENTIFYING inky potion
  5649 | D:5      | 5649 ||| DROPPING potion of brilliance.
  5775 | D:6      | 5775 ||| Stepping ~*~*~tactically~*~*~ (stealth).
  5776 | D:6      | 5776 ||| Stepping ~*~*~tactically~*~*~ (stealth).
  5797 | D:6      | 5797 ||| DRINKING potion of curing.
  5797 | D:6      | 5797 ||| (to cure confusion)
  5810 | D:6      | Reached * piety under Okawaru
  5811 | D:6      | 5811 ||| INVOKING Heroism.
  5891 | D:6      | 5891 ||| UPGRADING to +0 plate armour.
  5901 | D:6      | 5901 ||| DROPPING +0 scale mail.
  5922 | D:5      | Found a bloodstained altar of Trog.
  5923 | D:5      | 5923 ||| Stepping randomly (stuck).
  5936 | D:6      | 5936 ||| INVOKING Heroism.
  5984 | D:6      | Reached skill level 1 in Throwing
  6064 | D:6      | Found an ornate altar of the Wu Jian Council.
  6065 | D:6      | 6065 ||| Stepping ~*~*~tactically~*~*~ (hiding).
  6066 | D:6      | 6066 ||| Stepping ~*~*~tactically~*~*~ (hiding).
  6067 | D:6      | 6067 ||| INVOKING Heroism.
  6068 | D:6      | 6068 ||| INVOKING Heroism.
  6231 | D:6      | Found a white marble altar of Elyvilon.
  6242 | D:6      | Reached skill level 1 in Invocations
  6526 | D:6      | 6526 ||| READING scroll labelled ETYARUHUES.
  6627 | D:6      | 6627 ||| DRINKING 2 brown potions.
  6628 | D:6      | 6628 ||| READING 3 scrolls of identify.
  6628 | D:6      | 6628 ||| IDENTIFYING fuming coppery potion
  6629 | D:6      | 6629 ||| READING 2 scrolls of identify.
  6629 | D:6      | 6629 ||| IDENTIFYING dark potion
  6630 | D:6      | 6630 ||| DROPPING potion of degeneration.
  6827 | D:7      | 6827 ||| READING scroll of enchant weapon.
  6827 | D:7      | 6827 ||| ENCHANTING +2 war axe.
  6850 | D:7      | Noticed Prince Ribbit
  6851 | D:7      | 6851 ||| INVOKING Heroism.
  6854 | D:7      | Killed Prince Ribbit
  6855 | D:7      | Reached skill level 6 in Armour
  6855 | D:7      | Reached skill level 3 in Invocations
  6855 | D:7      | Reached XP level 10. HP: 63/63 MP: 9/12
  6936 | D:7      | Found a sparkling altar of Nemelex Xobeh.
  6940 | D:7      | Reached skill level 10 in Axes
  6979 | D:7      | Identified the +10 long sword of Evolution {venom, rF- rC++
                  | MP+9 Int+2}
  6987 | D:7      | 6987 ||| Stepping ~*~*~tactically~*~*~ (stealth).
  6989 | D:7      | 6989 ||| INVOKING Heroism.
  7063 | D:7      | 7063 ||| Stepping ~*~*~tactically~*~*~ (stealth).
  7064 | D:7      | 7064 ||| Stepping ~*~*~tactically~*~*~ (stealth).
  7072 | D:7      | 7072 ||| Stepping ~*~*~tactically~*~*~ (hiding).
  7073 | D:7      | 7073 ||| Stepping ~*~*~tactically~*~*~ (hiding).
  7075 | D:7      | 7075 ||| Stepping ~*~*~tactically~*~*~ (hiding).
  7082 | D:7      | 7082 ||| Stepping ~*~*~tactically~*~*~ (stealth).
  7158 | D:7      | 7158 ||| Stepping ~*~*~tactically~*~*~ (stealth).
  7254 | D:7      | Noticed Maggie
  7255 | D:7      | 7255 ||| Stepping ~*~*~tactically~*~*~ (hiding).
  7271 | D:7      | 7271 ||| INVOKING Heroism.
  7277 | D:7      | Killed Maggie
  7368 | D:7      | 7368 ||| Stepping ~*~*~tactically~*~*~ (stealth).
  7395 | D:7      | 7395 ||| DROPPING +2 flail of protection.
  7423 | D:7      | 7423 ||| Stepping ~*~*~tactically~*~*~ (stealth).
  7652 | D:7      | Found a staircase to the Ecumenical Temple.
  7661 | D:7      | 7661 ||| DROPPING ring of magical power.
  7662 | D:7      | 7662 ||| DRINKING 3 blue potions.
  7663 | D:7      | 7663 ||| READING 3 scrolls of identify.
  7663 | D:7      | 7663 ||| IDENTIFYING silvery potion
  7664 | D:7      | 7664 ||| DROPPING 2 potions of invisibility.
  7701 | D:8      | 7701 ||| Stepping ~*~*~tactically~*~*~ (hiding).
  7705 | D:8      | 7705 ||| DRINKING potion of curing.
  7705 | D:8      | 7705 ||| (to cure confusion)
  7709 | D:8      | 7709 ||| Stepping ~*~*~tactically~*~*~ (stealth).
  7710 | D:8      | 7710 ||| Stepping ~*~*~tactically~*~*~ (stealth).
  7766 | D:8      | Found a broken altar of Ashenzari.
  7783 | D:8      | Reached ** piety under Okawaru
  7786 | D:8      | 7786 ||| INVOKING Heroism.
  7815 | D:8      | 7815 ||| INVOKING Heroism.
  8024 | D:8      | 8024 ||| INVOKING Heroism.
  8040 | D:8      | Found an ancient bone altar of Kikubaaqudgha.
  8145 | D:8      | Found a burning altar of Makhleb.
  8145 | D:8      | Found an opulent altar of Gozag.
  8271 | D:8      | 8271 ||| UPGRADING to ring of protection from fire.
  8272 | D:8      | 8272 ||| READING scroll labelled XUARHAEBLA.
  8272 | D:8      | Identified a scroll of acquirement
  8272 | D:8      | 8272 ||| ACQUIRING +3 buckler of Xutauvukky {rC+}
  8272 | D:8      | Acquired the +3 buckler of Xutauvukky {rC+}
  8274 | D:8      | 8274 ||| UPGRADING to +3 buckler of Xutauvukky {rC+}.
  8284 | D:8      | 8284 ||| DROPPING +0 buckler.
  8300 | D:9      | 8300 ||| Stepping ~*~*~tactically~*~*~ (stealth).
  8302 | D:9      | 8302 ||| Stepping ~*~*~tactically~*~*~ (stealth).
  8303 | D:9      | 8303 ||| Stepping ~*~*~tactically~*~*~ (hiding).
  8305 | D:9      | 8305 ||| Stepping ~*~*~tactically~*~*~ (stealth).
  8306 | D:9      | 8306 ||| INVOKING Heroism.
  8313 | D:9      | Noticed a two-headed ogre
  8315 | D:9      | 8315 ||| Stepping ~*~*~tactically~*~*~ (hiding).
  8316 | D:9      | 8316 ||| Stepping ~*~*~tactically~*~*~ (hiding).
  8324 | D:9      | Killed a two-headed ogre
  8340 | D:9      | Reached skill level 11 in Axes
  8399 | D:9      | 8399 ||| FLEEEEING.
  8400 | D:9      | 8400 ||| FLEEEEING.
  8401 | D:9      | 8401 ||| STAIRDANCE
  8468 | D:9      | 8468 ||| INVOKING Heroism.
  8574 | D:9      | Found a glowing golden altar of the Shining One.
  8626 | D:9      | Found a hide-covered altar of Uskayaw.
  8638 | D:9      | 8638 ||| INVOKING Heroism.
  8814 | D:9      | 8814 ||| Stepping ~*~*~tactically~*~*~ (stealth).
  8833 | D:9      | Reached skill level 9 in Fighting
  8838 | D:9      | Reached XP level 11. HP: 67/71 MP: 14/14
  8852 | D:9      | 8852 ||| INVOKING Heroism.
  8855 | D:9      | 8855 ||| Stepping ~*~*~tactically~*~*~ (stealth).
  8858 | D:9      | 8858 ||| Stepping ~*~*~tactically~*~*~ (stealth).
  8889 | D:9      | 8889 ||| INVOKING Heroism.
  8899 | D:9      | Found a staircase to the Lair.
  8952 | D:9      | 8952 ||| FLEEEEING.
  8953 | D:9      | 8953 ||| FLEEEEING.
  8954 | D:9      | 8954 ||| FLEEEEING.
  8955 | D:9      | 8955 ||| FLEEEEING.
  8956 | D:9      | 8956 ||| FLEEEEING.
  8957 | D:9      | 8957 ||| FLEEEEING.
  8958 | D:9      | 8958 ||| FLEEEEING.
  8959 | D:9      | 8959 ||| FLEEEEING.
  8964 | D:9      | 8964 ||| FLEEEEING.
  8965 | D:9      | 8965 ||| FLEEEEING.
  8966 | D:9      | 8966 ||| FLEEEEING.
  8967 | D:9      | 8967 ||| INVOKING Heroism.
  9411 | D:9      | 9411 ||| Stepping ~*~*~tactically~*~*~ (hiding).
  9412 | D:9      | 9412 ||| Stepping ~*~*~tactically~*~*~ (hiding).
  9415 | D:9      | 9415 ||| Stepping ~*~*~tactically~*~*~ (hiding).
  9416 | D:9      | 9416 ||| Stepping ~*~*~tactically~*~*~ (hiding).
  9418 | D:9      | 9418 ||| INVOKING Heroism.
  9584 | D:9      | 9584 ||| INVOKING Heroism.
  9639 | D:9      | 9639 ||| PLANNING LAIR
  9674 | Lair:1   | Entered Level 1 of the Lair of Beasts
  9721 | Lair:1   | Reached skill level 12 in Axes
  9746 | Lair:1   | 9746 ||| INVOKING Heroism.
  9753 | Lair:1   | 9753 ||| Stepping ~*~*~tactically~*~*~ (stealth).
  9754 | Lair:1   | 9754 ||| Stepping ~*~*~tactically~*~*~ (stealth).
  9764 | Lair:1   | 9764 ||| INVOKING Heroism.
  9832 | Lair:1   | 9832 ||| FLEEEEING.
  9842 | Lair:1   | 9842 ||| STAIRDANCE
  9964 | Lair:1   | 9964 ||| INVOKING Heroism.
 10213 | Lair:1   | 10213 ||| Stepping ~*~*~tactically~*~*~ (stealth).
 10214 | Lair:1   | 10214 ||| Stepping ~*~*~tactically~*~*~ (stealth).
 10216 | Lair:1   | 10216 ||| Stepping ~*~*~tactically~*~*~ (stealth).
 10228 | Lair:1   | 10228 ||| INVOKING Heroism.
 10234 | Lair:1   | Reached skill level 3 in Throwing
 10307 | Lair:1   | 10307 ||| Stepping ~*~*~tactically~*~*~ (stealth).
 10309 | Lair:1   | 10309 ||| Stepping ~*~*~tactically~*~*~ (stealth).
 10310 | Lair:1   | 10310 ||| Stepping ~*~*~tactically~*~*~ (stealth).
 10311 | Lair:1   | 10311 ||| Stepping ~*~*~tactically~*~*~ (stealth).
 10328 | Lair:1   | 10328 ||| Stepping ~*~*~tactically~*~*~ (stealth).
 10330 | Lair:1   | 10330 ||| Stepping ~*~*~tactically~*~*~ (stealth).
 10333 | Lair:1   | 10333 ||| Stepping ~*~*~tactically~*~*~ (stealth).
 10344 | Lair:1   | 10344 ||| INVOKING Heroism.
 10356 | Lair:1   | Reached skill level 6 in Shields
 10630 | Lair:1   | Reached *** piety under Okawaru
 10724 | Lair:1   | 10724 ||| INVOKING Heroism.
 10737 | Lair:1   | Reached **** piety under Okawaru
 10738 | Lair:1   | Reached XP level 12. HP: 40/77 MP: 13/15
 11338 | Lair:2   | 11338 ||| INVOKING Heroism.
 11549 | Lair:2   | 11549 ||| Stepping ~*~*~tactically~*~*~ (stealth).
 11623 | Lair:2   | 11623 ||| INVOKING Heroism.
 11625 | Lair:2   | Noticed a skyshark
 11652 | Lair:2   | Killed a skyshark
 11849 | Lair:2   | 11849 ||| Stepping ~*~*~tactically~*~*~ (stealth).
 11858 | Lair:2   | Reached skill level 6 in Invocations
 11866 | Lair:2   | Reached skill level 13 in Axes
 11944 | Lair:2   | 11944 ||| INVOKING Heroism.
 11962 | Lair:2   | 11962 ||| Stepping ~*~*~tactically~*~*~ (water).
 12126 | Lair:2   | 12126 ||| INVOKING Heroism.
 12178 | Lair:2   | Noticed a catoblepas
 12179 | Lair:2   | 12179 ||| INVOKING Heroism.
 12196 | Lair:2   | Killed a catoblepas
 12251 | Lair:2   | Noticed an eight-headed hydra
 12252 | Lair:2   | 12252 ||| INVOKING Heroism.
 12257 | Lair:2   | 12257 ||| SWAPPING to +0 war axe of flaming.
 12261 | Lair:2   | 12261 ||| Stepping ~*~*~tactically~*~*~ (water).
 12265 | Lair:2   | Killed a four-headed hydra
 12266 | Lair:2   | 12266 ||| SWAPPING to +3 war axe.
 12271 | Lair:2   | Reached ***** piety under Okawaru
 12272 | Lair:2   | Reached skill level 9 in Armour
 12476 | Lair:2   | 12476 ||| Stepping ~*~*~tactically~*~*~ (stealth).
 12487 | Lair:2   | 12487 ||| INVOKING Heroism.
 12560 | Lair:2   | 12560 ||| Stepping ~*~*~tactically~*~*~ (stealth).
 12587 | Lair:2   | Reached skill level 9 in Invocations
 12587 | Lair:2   | Reached XP level 13. HP: 82/82 MP: 19/19
 12590 | Lair:2   | 12590 ||| INVOKING Heroism.
 12591 | Lair:2   | 12591 ||| INVOKING Finesse.
 12595 | Lair:2   | 12595 ||| SWAPPING to +0 war axe of flaming.
 12603 | Lair:2   | 12603 ||| SWAPPING to +3 war axe.
 12657 | Lair:2   | Received a gift from Okawaru
 12967 | Lair:2   | 12967 ||| INVOKING Heroism.
 12994 | Lair:2   | 12994 ||| INVOKING Finesse.
 13083 | Lair:2   | Reached skill level 14 in Axes
 13100 | Lair:2   | 13100 ||| FLEEEEING.
 13101 | Lair:2   | 13101 ||| FLEEEEING.
 13106 | Lair:2   | 13106 ||| FLEEEEING.
 13107 | Lair:2   | 13107 ||| FLEEEEING.
 13108 | Lair:2   | 13108 ||| INVOKING Heroism.
 13174 | Lair:2   | 13174 ||| INVOKING Heroism.
 13237 | Lair:2   | Identified the +0 pair of gloves "Wiytemn" {Int+5}
 13510 | Lair:2   | 13510 ||| UPGRADING to +0 pair of gloves "Wiytemn" {Int+5}.
 13515 | Lair:2   | 13515 ||| UPGRADING to +5 ring of evasion.
 13517 | Lair:2   | 13517 ||| UPGRADING to +4 ring of protection.
 13888 | Lair:2   | 13888 ||| Stepping randomly (stuck).
 13945 | Lair:2   | 13945 ||| INVOKING Heroism.
 13954 | Lair:2   | Received a gift from Okawaru
 14094 | Lair:3   | 14094 ||| INVOKING Heroism.
 14177 | Lair:3   | 14177 ||| Stepping ~*~*~tactically~*~*~ (stealth).
 14178 | Lair:3   | 14178 ||| Stepping ~*~*~tactically~*~*~ (stealth).
 14198 | Lair:3   | Received a gift from Okawaru
 14217 | Lair:3   | Found a staircase to the Shoals.
 14219 | Lair:3   | 14219 ||| INVOKING Heroism.
 14351 | Lair:3   | 14351 ||| INVOKING Heroism.
 14534 | Lair:3   | 14534 ||| INVOKING Heroism.
 14552 | Lair:3   | 14552 ||| INVOKING Heroism.
 14552 | Lair:3   | HP: 21/84 [death yak (19)]
 14553 | Lair:3   | 14553 ||| READING 6 scrolls of teleportation.
 14554 | Lair:3   | 14554 ||| DRINKING 2 potions of heal wounds.
 14719 | Lair:3   | Noticed Kirke
 14720 | Lair:3   | 14720 ||| Stepping ~*~*~tactically~*~*~ (stealth).
 14739 | Lair:3   | 14739 ||| INVOKING Heroism.
 14746 | Lair:3   | 14746 ||| DRINKING potion of cancellation.
 14757 | Lair:3   | HP: 9/84 [something (17)]
 14758 | Lair:3   | 14758 ||| READING 5 scrolls of teleportation.
 14759 | Lair:3   | 14759 ||| DRINKING potion of heal wounds.
 14762 | Lair:3   | HP: 15/84 [something (6)]
 14762 | Lair:3   | HP: 6/84 [manticore[Kirke] (9)]
 14762 | Lair:3   | Mangled by a manticore

Levels and vault maps discovered:
D:1:      arrival_zaba_pyramid, layout_basic, dreamdust_ecumenical_altar_grove,
          minivault_14
D:2:      layout_loops_ring, uniq_sigmund, uniq_natasha
D:3:      minmay_chambers_of_twos, layout_basic, gup_sewer_entry_glass,
          uniq_jessica, uniq_grinder, uniq_robin
D:4:      wad_crossroads, layout_basic,
          hellmonk_okawaru_the_only_friend_you_need, amcnicky_altar_gilded,
          nzn_random_ring, uniq_duvessa
D:5:      layout_basic, nicolae_overflow_hidden_temple,
          worldfamousw_hep_ancestral_shrine, nicolae_overflow_squiral,
          serial_shops, shop
D:6:      layout_basic, old_standard_altar, nicolae_elyvilon_peaceful_grove
D:7:      layout_rooms, nemelex_diamond_rough_becter,
          minmay_temple_entry_poolview, uniq_maggie, uniq_prince_ribbit1
D:8:      layout_cave_pools, gammafunk_temple_overflow_wave,
          cheibrodos_ashenzari_chains, marbit_many_paths, solitary_fountain
D:9:      layout_grid_maze, tso_metal_star, nicolae_uskayaw_suspiria,
          erik_lair_island, minivault_24
Lair:1:   layout_regular_city, st_stairs_13
Lair:2:   nzn_winding_woodlands_huge [nzn_winding_woodlands_5x15_cabin,
          nzn_winding_woodlands_5x15_default, nzn_winding_woodlands_5x15_garden,
          nzn_winding_woodlands_5x15_pockets, nzn_winding_woodlands_5x15_parted,
          nzn_winding_woodlands_5x15_lazy_stream,
          nzn_winding_woodlands_5x15_concentric,
          nzn_winding_woodlands_5x15_river_crossing,
          nzn_winding_woodlands_5x15_default,
          nzn_winding_woodlands_5x15_sawtooth,
          nzn_winding_woodlands_center_pierced_h,
          nzn_winding_woodlands_center_diamonds,
          nzn_winding_woodlands_15x15_boxy_spiral], layout_cave_pods,
          columned_hall_lemuel, fungi_pond_lemuel
Lair:3:   layout_misc_corridors, elwin_shoals_entry_stream,
          spider_nest_entry_webs, uniq_kirke

Skill      XL: |  1  2  3  4  5  6  7  8  9 10 11 12 13 |
---------------+----------------------------------------+-----
Axes           | 2 3 5 7 9 11 12 13 14 | 14.0
Fighting       | 4 5 6 7 9 10 11 | 11.0
Dodging        | 1 2 |  2.0
Shields        | 4 5 6 7 |  7.0
Armour         | 6 7 8 9 10 | 10.0
Throwing       | 1 3 4 5 |  5.3
Invocations    | 3 4 9 10 | 10.0

Action                     |  1- 3 |  4- 6 |  7- 9 | 10-12 | 13-15 || total
---------------------------+-------+-------+-------+-------+-------++-------
  Melee: War axe           |    81 |    89 |   420 |   620 |   236 ||  1446
         Unarmed           |       |       |       |       |    10 ||    10
  Throw: Boomerang         |       |       |    18 |    33 |    16 ||    67
         Javelin           |       |       |       |    30 |    35 ||    65
 Invoke: Heroism           |       |       |     4 |    26 |    11 ||    41
         Finesse           |       |       |       |       |     2 ||     2
    Use: Scroll            |     7 |     3 |    12 |     2 |     2 ||    26
         Potion            |       |       |     4 |     2 |     3 ||     9
   Stab: Petrified         |       |       |       |     3 |     8 ||    11
         Petrifying        |       |       |       |     1 |     2 ||     3
 Armour: Scale mail        |    37 |    27 |   289 |       |       ||   353
         Plate armour      |       |       |    34 |   419 |    74 ||   527
  Dodge: Dodged            |    27 |    43 |   195 |   186 |    68 ||   519
  Block: Buckler           |     6 |    12 |    85 |   215 |    63 ||   381

Table legend:
 A = Non-vault XP
 B = Vault XP
 C = Vault XP percentage of total XP
 D = Non-vault monster count
 E = Vault monster count
 F = Vault count percentage of total count
                 A         B        C        D         E       F
            +---------+---------+-------+---------+---------+-------
      Total |   29654 |   20114 |  40.4 |     269 |     127 |  32.1
            +---------+---------+-------+---------+---------+-------
        D:1 |      45 |       0 |   0.0 |      28 |       0 |   0.0
        D:2 |      67 |     249 |  78.8 |      16 |       2 |  11.1
        D:3 |     251 |     502 |  66.7 |      20 |      24 |  54.5
        D:4 |     354 |     508 |  58.9 |      18 |      27 |  60.0
        D:5 |     989 |       0 |   0.0 |      22 |       0 |   0.0
        D:6 |    1056 |       0 |   0.0 |      27 |       0 |   0.0
        D:7 |    1317 |     662 |  33.5 |      26 |       2 |   7.1
        D:8 |     545 |      40 |   6.8 |       9 |       1 |  10.0
        D:9 |    3255 |     893 |  21.5 |      23 |       9 |  28.1
     Lair:1 |    7793 |       0 |   0.0 |      36 |       0 |   0.0
     Lair:2 |    7611 |   14141 |  65.0 |      21 |      44 |  67.7
     Lair:3 |    6371 |    2950 |  31.6 |      23 |      11 |  32.4
      Sewer |       0 |     169 | 100.0 |       0 |       7 | 100.0
            +---------+---------+-------+---------+---------+-------
